 Dungeon Sprint DCSS version 0.20.1 (webtiles) character file.

1166 panicbit the Protected (level 8, -2/80 HPs)
             Began as a Minotaur Fighter on July 2, 2017.
             Was a Follower of Okawaru.
             Slain by a deep troll (3 damage)
             ... in the Dungeon (Sprint I: "Red Sonja").
             The game lasted 00:03:01 (1060 turns).

panicbit the Protected (Minotaur Fighter)           Turns: 1060, Time: 00:03:01

Health: -2/80      AC:  9    Str: 21    XL:     8   Next: 17%
Magic:  6/7        EV: 10    Int:  5    God:    Okawaru [*.....]
Gold:   513        SH: 12    Dex: 12    Spells: 7/7 levels left

rFire    . . .     SeeInvis .   a - +0 war axe
rCold    . . .     Gourm    .   c - +0 shield
rNeg     . . .     Faith    .   b - +0 scale mail
rPois    .         Spirit   .   (helmet restricted)
rElec    .         Reflect  .   (no cloak)
rCorr    .         Harm     .   (no gloves)
MR       .....     NoTele   +   (no boots)
Stlth    ..........             (no amulet)
Regen    0.3/turn               (no ring)
MPRegen  0.1/turn               (no ring)

@: no status effects
A: retaliatory headbutt, horns 2
a: Heroism, Renounce Religion


You were in the Dungeon.
You worshipped Okawaru.
Okawaru was aware of your devotion.
You were hungry.

You visited 1 branch You collected 513 gold pieces.

Inventory:

Hand Weapons
 a - a +0 war axe (weapon)
Armour
 b - a +0 scale mail (worn)
 c - a +0 shield (worn)
Wands
 l - a wand of random effects (17/48)
Scrolls
 k - a scroll of blinking
 o - a scroll of identify {unknown}
Potions
 d - a potion of might
 e - a potion of curing
 g - a potion of heal wounds
 h - a potion of haste
 i - 2 potions of magic
 j - a potion of berserk rage
 m - a potion of lignification {unknown}
Comestibles
 f - a bread ration


   Skills:
 + Level 10.5 Fighting
 + Level 10.9 Axes
 + Level 11.6 Armour
 + Level 2.5 Dodging
 + Level 1.9 Stealth
 + Level 10.9 Shields


You had 7 spell levels left.
You didn't know any spells.

Dungeon Overview and Level Annotations

Branches:
Dungeon (1/1)

Altars:
Cheibriados
Dithmenos
Elyvilon
Fedhas
Gozag
Hepliaklqana
Kikubaaqudgha
Makhleb
Nemelex Xobeh
Okawaru
Qazlal
Ru
Sif Muna
Trog
Uskayaw
Vehumet
Xom
Yredelemnul
Zin
The Shining One
Jiyva
Lugonu

Shops:
D !


Innate Abilities, Weirdness & Mutations

You reflexively headbutt those who attack you in melee.
You have a pair of horns on your head.


Message History

The deep troll is heavily wounded.
You feel like a meek peon again. The deep troll bites you!
The deep troll claws you but does no damage.
You block the deep troll's attack.
You hit the deep troll but do no damage.
The deep troll is heavily wounded.
The deep troll barely misses you. You furiously retaliate!
You headbutt the deep troll, but do no damage.
You block the deep troll's attack. The deep troll claws you!
* * * LOW HITPOINT WARNING * * *
You hit the deep troll. You headbutt the deep troll.
The deep troll is severely wounded.
You are feeling hungry.
The deep troll bites you!
* * * LOW HITPOINT WARNING * * *
The deep troll claws you.
* * * LOW HITPOINT WARNING * * *
The deep troll claws you.
You die...

#..#####'#####'#__####
#..####..#...#(####§:#
#..#__####..##[#§§≈§
#..#_____##'#..+§§§
#⌠⌠#_.∩...'..._#§§§§
####_..__##_.#'##+##
#_____###)#.#
#########.####+###
+..@T$$.$$+
#...####### ##.## #+#


You could see a deep troll.

Vanquished Creatures
  Sonja (D)
  A slime creature (D)
  Sigmund (D)
  A yak (D)
  An ogre (D)
  A jelly (D)
  Ijyb (D)
7 creatures vanquished.

Notes
Turn   | Place    | Note
-------+----------+-------------------------------------------
     0 | D        | panicbit the Minotaur Fighter began the quest for the Orb.
     0 | D        | Reached XP level 1. HP: 19/19 MP: 0/0
     1 | D        | Noticed Ijyb
     8 | D        | Killed Ijyb
     8 | D        | Reached skill level 5 in Fighting
     8 | D        | Reached skill level 5 in Armour
     8 | D        | Reached skill level 5 in Shields
     8 | D        | Reached XP level 2. HP: 25/29 MP: 1/1
    15 | D        | Noticed an ogre
    20 | D        | Killed an ogre
    20 | D        | Reached skill level 6 in Armour
    20 | D        | Reached XP level 3. HP: 7/38 MP: 2/2
    20 | D        | Reached XP level 4. HP: 8/45 MP: 3/3
   271 | D        | Noticed Sigmund
   280 | D        | Killed Sigmund
   280 | D        | Reached skill level 8 in Armour
   280 | D        | Reached XP level 5. HP: 23/56 MP: 4/4
   698 | D        | Found a deep blue altar of Sif Muna.
   700 | D        | Found a radiant altar of Vehumet.
   702 | D        | Reached XP level 6. HP: 63/63 MP: 5/5
   723 | D        | Found Onky's Distillery.
   723 | D        | Found an ancient bone altar of Kikubaaqudgha.
   723 | D        | Found a hazy altar of Hepliaklqana.
   723 | D        | Found a hide-covered altar of Uskayaw.
   723 | D        | Found a basalt altar of Yredelemnul.
   723 | D        | Found an opulent altar of Gozag.
   723 | D        | Found a snail-covered altar of Cheibriados.
   723 | D        | Found a sacrificial altar of Ru.
   723 | D        | Found a shadowy altar of Dithmenos.
   723 | D        | Noticed a yak
   724 | D        | Found a stormy altar of Qazlal.
   724 | D        | Found a blossoming altar of Fedhas.
   724 | D        | Found a bloodstained altar of Trog.
   724 | D        | Found an iron altar of Okawaru.
   724 | D        | Found a glowing silver altar of Zin.
   726 | D        | Found a glowing golden altar of the Shining One.
   726 | D        | Found a white marble altar of Elyvilon.
   727 | D        | Found a sparkling altar of Nemelex Xobeh.
   732 | D        | Became a worshipper of Warmaster Okawaru
   744 | D        | Killed a yak
   744 | D        | Reached skill level 9 in Armour
   744 | D        | Reached skill level 1 in Stealth
   967 | D        | Found a burning altar of Makhleb.
   967 | D        | Found a viscous altar of Jiyva.
   967 | D        | Found a shimmering altar of Xom.
   967 | D        | Found a corrupted altar of Lugonu.
   967 | D        | Noticed a slime creature
   982 | D        | Killed a slime creature
   982 | D        | Reached * piety under Okawaru
   982 | D        | Reached skill level 10 in Fighting
   982 | D        | Reached skill level 10 in Armour
   982 | D        | Reached skill level 10 in Shields
   982 | D        | Reached XP level 7. HP: 67/72 MP: 6/6
  1012 | D        | Noticed Sonja
  1016 | D        | Killed Sonja
  1016 | D        | Reached skill level 10 in Axes
  1016 | D        | Reached skill level 11 in Armour
  1016 | D        | Reached XP level 8. HP: 80/80 MP: 4/7
  1044 | D        | Noticed a deep troll
  1060 | D        | HP: 1/80 [deep troll (4)]
  1060 | D        | Slain by a deep troll

Skill      XL: |  1  2  3  4  5  6  7 |
---------------+----------------------+-----
Fighting       | 5 6 8 9 10 | 10.5
Axes           | 3 4 6 8 10 | 10.9
Armour         | 5 6 8 10 11 | 11.6
Shields        | 5 6 8 10 | 10.9
Stealth        | 1 |  1.9
Dodging        | 2 |  2.5

Action                   |  1- 3 |  4- 6 |  7- 9 || total
-------------------------+-------+-------+-------++-------
Melee: War axe           |    11 |    35 |    19 ||    65
       Headbutt          |     1 |     7 |     3 ||    11
Invok: Heroism           |       |       |     2 ||     2
Armor: Scale mail        |     2 |     5 |     5 ||    12
Dodge: Dodged            |     3 |     5 |    11 ||    19
Block: Shield            |     5 |    16 |    19 ||    40
